AoeStats
← Onestepbeyond

Arabia

510143130Analyzed
1v1 RM · 2d ago on Sep 29, 2026· 30m 22s· 2 players
Game mode
Random Map
Map size
Tiny (2 player)
Population
200
Speed
Normal
Resources
Standard
Victory
Conquest
Starting age
Dark Age
Ending age
Imperial Age
RankedLock teamsTeams togetherTeam positionsShared explorationLock speedFull tech treeHidden civsTurbo modeCheats
Victory
Defeat
🇫🇷 Celts · France
835
+13
🇸🇰 Portuguese · Slovakia
773
-13
asa.smolkova
6:58 Loom
10:11 Feudal Age
10:47 Double-Bit Axe
10:51 Horse Collar
13:41 Man-at-Arms
18:12 Scale Mail Armor
23:01 Castle Age
21:54 Forging
24:29 Iron Casting
24:48 Wheelbarrow
25:43 Heavy Plow
28:57 Fletching
Onestepbeyond
10:10 Feudal Age
11:21 Loom
11:35 Man-at-Arms
15:30 Horse Collar
20:17 Castle Age
18:42 Double-Bit Axe
19:35 Forging
22:22 Wheelbarrow
21:32 Town Watch
22:36 Iron Casting
23:33 Long Swordsman
23:58 Arson
25:02 Bow Saw
Connection lost

Rejoining the realm…

Still unreachable

The connection could not be restored.

Session expired

The server has moved on; the page needs a fresh start.